 Dungeon Crawl Stone Soup version 0.20.0-10-g0535bb4 (webtiles) character file.

229 Lexie the Cudgeler (level 6, -4/39 HPs)
             Began as a Gargoyle Fighter on June 6, 2017.
             Slain by an orc priest
             ... wielding a +0 flail
              (9 damage)
             ... on level 3 of the Dungeon.
             The game lasted 00:04:47 (2577 turns).

Lexie the Cudgeler (Gargoyle Fighter)               Turns: 2577, Time: 00:04:48

Health: -4/39      AC: 11    Str: 21    XL:     6   Next: 3%
Magic:  6/6        EV:  7    Int:  9    God:
Gold:   116        SH:  9    Dex:  9    Spells: 5/5 levels left

rFire    . . .     SeeInvis .   a - +0 flail
rCold    . . .     Gourm    .   c - +0 shield
rNeg     + . .     Faith    .   b - +0 scale mail
rPois    ∞         Spirit   .   (no helmet)
rElec    +         Reflect  .   (no cloak)
rCorr    .         Harm     .   (no gloves)
MR       .....                  (no boots)
Stlth    ..........             (no amulet)
Regen    0.2/turn               (no ring)
MPRegen  0.1/turn               (no ring)

@: no status effects
A: negative energy resistance 1, electricity resistance, unbreathing,
petrification resistance, rot immunity, AC +4
a: no special abilities


You were on level 3 of the Dungeon.
You were not hungry.

You visited 1 branch of the dungeon, and saw 3 of its levels.

You collected 116 gold pieces.

Inventory:

Hand Weapons
 a - a +0 flail (weapon)
Armour
 b - a +0 scale mail (worn)
 c - a +0 shield (worn)
Jewellery
 k - an uncursed amulet of guardian spirit {unknown}
 w - a +2 ring of evasion {unknown}
Scrolls
 i - 2 scrolls of enchant armour {unknown}
 l - a scroll of recharging {unknown}
 n - 5 scrolls of identify {unknown}
 p - a scroll of remove curse {unknown}
 r - a scroll of amnesia {unknown}
 s - a scroll of fear {unknown}
 u - a scroll of random uselessness {unknown}
 v - a scroll of blinking {unknown}
 x - 2 scrolls of enchant weapon {unknown}
Potions
 d - a potion of might
 e - 4 potions of curing {unknown}
 m - a potion of resistance {unknown}
 o - 2 potions of brilliance {unknown}
 t - a potion of mutation {unknown}
 z - a potion of invisibility {unknown}
Comestibles
 f - 2 bread rations
 g - 2 chunks of flesh
 h - 2 royal jellies
 j - 2 fruits
 q - 3 meat rations


   Skills:
 + Level 4.4 Fighting
 * Level 4.7 Maces & Flails
 - Level 3.2 Armour
 + Level 4.3 Shields


You had 5 spell levels left.
You didn't know any spells.

Dungeon Overview and Level Annotations

Branches:
Dungeon (3/15)

Altars:
Qazlal


Innate Abilities, Weirdness & Mutations

You are resistant to torment.
Your stone body is resilient. (AC +4)
You are immune to poison.
You resist negative energy. (rN+)
You are resistant to electric shocks. (rElec)
You can survive without breathing.
You are immune to petrification.
You are immune to rotting.


Message History

The orc hits you but does no damage. The kobold closely misses you.
The orc priest casts a cantrip, but nothing happens.
You hit the orc priest.
The orc priest is almost dead.
You block the orc's attack. The kobold hits you but does no damage.
The orc priest calls down the wrath of Beogh upon you.
Beogh smites you!
* * * LOW HITPOINT WARNING * * *
Your shield prevents you from hitting the orc priest.
The orc priest is almost dead.
You block the orc's attack. The kobold barely misses you.
The orc priest hits you with a flail.
* * * LOW HITPOINT WARNING * * *
The kobold hits you.
* * * LOW HITPOINT WARNING * * *
You block the orc's attack.
You hit the orc priest but do no damage.
The orc priest is almost dead.
The orc priest hits you with a flail!
You die...

.# #.# .# #.#
.######..##########.#####
.............<...[.(....#
.#######.......<##.......#
.## #######.#.........#
..## #.#.........# #..###
######(#.........# ..>...>
........@.........#
.#.####
######.ooK........# ...#
###.......... ##..#
##....... ..# ....... ...
....... #.. .......
#......


You could see an orc priest, an orc and a kobold.

Vanquished Creatures
  A scorpion (D:3)
  4 gnolls
  5 adders
  3 worms (D:2)
  5 leopard geckos
  12 orcs (D:3)
  12 bats
  2 giant cockroaches
  6 goblins
  8 hobgoblins
  A ball python (D:1)
  11 frilled lizards
  5 kobolds
  5 rats
80 creatures vanquished.

Vanquished Creatures (others)
  A plant (D:1)
1 creature vanquished.

Grand Total: 81 creatures vanquished

Notes
Turn   | Place    | Note
-------+----------+-------------------------------------------
     0 | D:1      | Lexie the Gargoyle Fighter began the quest for the Orb.
     0 | D:1      | Reached XP level 1. HP: 14/14 MP: 1/1
    96 | D:1      | Reached XP level 2. HP: 16/19 MP: 2/2
   443 | D:1      | Reached XP level 3. HP: 23/23 MP: 3/3
  1045 | D:2      | Reached XP level 4. HP: 20/29 MP: 4/4
  1507 | D:3      | Found a stormy altar of Qazlal.
  1576 | D:3      | Reached XP level 5. HP: 28/33 MP: 5/5
  2519 | D:3      | Reached XP level 6. HP: 36/39 MP: 6/6
  2577 | D:3      | Slain by an orc priest

Skill      XL: |  1  2  3  4 |
---------------+-------------+-----
Maces & Flails | 3 4 |  4.7
Fighting       | 4 |  4.4
Shields        | 4 |  4.3
Armour         | |  3.2

Action                   |  1- 3 |  4- 6 || total
-------------------------+-------+-------++-------
Melee: Flail             |   188 |   163 ||   351
  Eat: Chunk             |     1 |     5 ||     6
Armor: Scale mail        |   138 |   100 ||   238
Dodge: Dodged            |    75 |    51 ||   126
Block: Shield            |   138 |    84 ||   222
